 Dungeon Crawl Stone Soup version 0.28-a0-751-gef3a642a4e (webtiles) character file.

Game seed: 18295852733430637419

49 croobank the Digger (level 3, 0/19 HPs)
             Began as a Gargoyle Earth Elementalist on Oct 31, 2021.
             Slain by a worm (8 damage)
             ... on level 2 of the Dungeon.
             The game lasted 00:07:30 (1308 turns).

croobank the Digger (Gargoyle Earth Elementalist)   Turns: 1308, Time: 00:07:30

Health: 0/19       AC:  6    Str: 12    XL:     3   Next: 75%
Magic:  5/7        EV: 11    Int: 15    God:
Gold:   29         SH:  0    Dex: 10    Spells: 4/7 levels left

rFire   . . .      SeeInvis .   f - +0 short sword
rCold   . . .      Faith    .   (no shield)
rNeg    + . .      Spirit   .   g - +0 leather armour
rPois   ∞          Reflect  .   (no helmet)
rElec   +          Harm     .   (no cloak)
rCorr   .          Rampage  .   (no gloves)
Will    +....                   (no boots)
Stlth   ++........              (no amulet)
HPRegen 0.06/turn               d - ring of flight
MPRegen 0.10/turn               j - ring of willpower

@: flying
A: sickness immunity, AC +3, negative energy resistance 1, electricity
resistance, torment resistance 1, petrification resistance
a: no special abilities


You were on level 2 of the Dungeon.
You visited 1 branch of the dungeon, and saw 2 of its levels.

You collected 29 gold pieces.

Inventory:

Hand Weapons
 a - a +0 dagger
 f - a +0 short sword (weapon)
Missiles
 c - 109 stones
 e - 12 poisoned darts
 h - 6 boomerangs
Armour
 b - a +0 robe
 g - a +0 leather armour (worn)
Jewellery
 d - a ring of flight (left hand)
 j - a ring of willpower (right hand)
Potions
 i - a potion of haste {unknown}


   Skills:
 + Level 2.0 Dodging
 + Level 2.5 Stealth
 + Level 2.7 Spellcasting
 + Level 0.7 Transmutations
 + Level 4.2 Earth Magic


You had 4 spell levels left.
You knew the following spells:

 Your Spells              Type           Power      Damage    Failure   Level
a - Sandblast             Erth           28%        2d8       4%          1
b - Passwall              Tmut/Erth      7%         N/A       14%         2

Your spell library contained the following spells:

 Spells                   Type           Power      Damage    Failure   Level
 Stone Arrow              Conj/Erth      16%        3d8       32%         3
 Summon Guardian Golem    Hex/Summ       2%         N/A       61%         3
 Petrify                  Tmut/Erth      9%         N/A       67%         4
 Orb of Destruction       Conj           1%         N/A       100%        7
 Spellforged Servitor     Conj/Summ      1%         N/A       100%        7


Dungeon Overview and Level Annotations

Branches:
Dungeon (2/15)

Altars:


Innate Abilities, Weirdness & Mutations

You are immune to sickness and miasma.
Your stone body is resilient. (AC +3)
You are immune to poison.
You resist negative energy. (rN+)
You are resistant to electric shocks. (rElec)
You are resistant to unholy torment.
You are immune to petrification.


Message History

The kobold shouts!
The kobold throws a stone.
The stone hits you but does no damage.
Aiming: Sandblast (safe; 4% risk of failure)
Press: ? - help, Q - select action, (/) - cycle Shift-Dir - straight line, f/p - kobold
Aim: a kobold, wielding a +0 whip and quivering stones (moderately wounded, 74% to hit)
The blast of sand hits the kobold.
You kill the kobold!
c - 111 stones (gained 1)
You see here a +0 whip.
There is a stone staircase leading up here.
j - a ring of willpower
There are no items here.
j - a ring of willpower (right hand)
A bat comes into view.
The bat moves out of view.
A frilled lizard and a worm come into view.
Found a stone staircase leading down.
Aiming: Sandblast (safe; 4% risk of failure)
Press: ? - help, Q - select action, (/) - cycle Shift-Dir - straight line, f - worm
Aim: a worm (93% to hit)
The blast of sand hits the worm.
The worm is moderately wounded.
The worm bites you but does no damage.
Aiming: Sandblast (safe; 4% risk of failure)
Press: ? - help, Q - select action, (/) - cycle Shift-Dir - straight line, f/p - worm
Aim: a worm (moderately wounded, 93% to hit)
The blast of sand hits the worm.
The worm is heavily wounded.
You hit the worm.
The worm is heavily wounded.
The worm bites you.
You hit the worm.
The worm is heavily wounded.
You hit the worm.
The worm is severely wounded.
The worm bites you!
You barely miss the worm.
The worm is severely wounded.
The worm bites you!
You die...

#.#.#
#............#
#.#.#
##.#.#.#.#.###
#.#.. ............#
#.### #.#.#.#.#
#.## #..# #.. .....
..# ##.# #.#.#.#.#
## #.# ###.... #.#
.# #.w.# #.##.# #@#
#.##.########.##
#.#............#
#.#.###.#####..#
#)..# #....##..#
#<#.###.##.#.....
##.......##.#...##$
##.#.#.#####.#....
.# #.##...#
#.#...l. .


You could see a worm.

Vanquished Creatures
  2 adders (D:2)
  2 dart slugs
  An endoplasm (D:1)
  3 giant cockroaches (D:1)
  A hobgoblin (D:1)
  3 ball pythons
  5 bats (D:1)
  A frilled lizard (D:1)
  8 kobolds
  A rat (D:1)
27 creatures vanquished.

Vanquished Creatures (others)
  2 plants (D:1)
2 creatures vanquished.

Grand Total: 29 creatures vanquished

Notes
Turn   | Place    | Note
-------+----------+-------------------------------------------
     0 | D:1      | croobank the Gargoyle Earth Elementalist began the quest
                  | for the Orb.
     0 | D:1      | Reached XP level 1. HP: 10/10 MP: 3/3
   218 | D:1      | Found a faded altar of an unknown god.
   279 | D:1      | Reached XP level 2. HP: 15/15 MP: 3/5
   452 | D:1      | Learned a level 2 spell: Passwall
  1045 | D:1      | Reached skill level 4 in Earth Magic
  1055 | D:1      | Reached XP level 3. HP: 18/19 MP: 4/6
  1308 | D:2      | Slain by a worm

Illustrated notes

Levels and vault maps discovered:
D:1:      dpeg_arrival_stone_temple_mockup, layout_loops_corners,
          shapermc_ecumenical_altar_mp_urbaneastern
D:2:      layout_loops_ring, st_stairs_11, dk_vineyard_3, uniq_jessica,
          uniq_natasha

Skill      XL: |  1  2 |
---------------+-------+-----
Dodging        | 2 |  2.0
Earth Magic    | 4 |  4.2
Stealth        | |  2.5
Spellcasting   | |  2.7
Transmutations | |  0.7

Action                   || total
-------------------------++-------
Melee: Short sword       ||    29
 Cast: Sandblast         ||    31
Armor: Leather armour    ||    12
       Robe              ||     3
Dodge: Dodged            ||    33

Table legend: (Time is in decaauts)
 A = Elapsed time spent in this place.
 B = Non-inter-level travel time spent in this place.
 C = Inter-level travel time spent in this place.
 D = Time resting spent in this place.
 E = Time spent auto-exploring this place.
 F = Levels seen in this place.
 G = Mean time per level.
                   A        B        C        D        E       F      G
               +--------+--------+--------+--------+--------+-----+--------+
         Total |   1308 |   1273 |     35 |     57 |    964 |   2 |  654.0 |
       Dungeon |   1308 |   1273 |     35 |     57 |    964 |   2 |  654.0 |
               +--------+--------+--------+--------+--------+-----+--------+

Top non-repeatable levels by time:
     D:1: 1133 daAuts
     D:2: 175 daAuts
